 Dungeon Crawl Stone Soup version 0.30.1-11-g7821555f0a (webtiles) character file.

Game seed: 974199331998515714

7 monsoonserge the Conjurer (level 2, 0/17 HPs)
             Began as a Tengu Reaver on Jan 12, 2024.
             Frozen to death by an endoplasm (5 damage)
             ... on level 1 of the Dungeon.
             The game lasted 00:00:48 (89 turns).

monsoonserge the Conjurer (Tengu Reaver)              Turns: 89, Time: 00:00:49

Health: 0/17       AC:  3    Str: 12    XL:     2   Next: 0%
Magic:  6/6        EV: 11    Int: 13    God:
Gold:   0          SH:  0    Dex: 12    Spells: 4/5 levels left

rFire   . . .        a - +0 mace
rCold   . . .        (no shield)
rNeg    . . .        b - +0 leather armour
rPois   .            (helmet restricted)
rElec   .            (no cloak)
rCorr   .            (no gloves)
SInv    .            (boots unavailable)
Will    .....        (no amulet)
Stlth   +            (no ring)
HPRegen 0.22/turn    (no ring)
MPRegen 0.10/turn

%: no passive effects
@: no status effects
A: beak, talons 3
a: no special abilities


You were on level 1 of the Dungeon.
You visited 1 branch of the dungeon, and saw 1 of its levels.

Inventory:

Hand Weapons
 a - a +0 mace (weapon)
Armour
 b - a +0 leather armour (worn)
Scrolls
 c - a scroll of enchant armour {unknown}
 d - a scroll of fog {unknown}
 e - a scroll of identify {unknown}


   Skills:
 + Level 2.0 Fighting
 + Level 3.4 Maces & Flails
 + Level 2.2 Dodging
 - Level 2.0 Spellcasting
 + Level 4.2 Conjurations
 * Level 0.4 Necromancy


You had 4 spell levels left.
You knew the following spells:

 Your Spells              Type           Power      Damage    Failure   Level
a - Kiss of Death         Conj/Necr      28%        2d7       12%         1

Your spell library contained the following spells:

 Spells                   Type           Power      Damage    Failure   Level
 Foxfire                  Conj/Fire      24%        2x1d5     14%         1
 Momentum Strike          Conj/Tloc      12%        3d8       21%         2
 Hailstorm                Conj/Ice       6%         3d4       38%         3
 Fireball                 Conj/Fire      3%         3d4       98%         5
 Plasma Beam              Fire/Air       0%         2x1d11    100%        6
 Starburst                Conj/Fire      3%         6d3       100%        6


Dungeon Overview and Level Annotations

Branches:
Dungeon (1/15)

Altars:


Innate Abilities, Weirdness & Mutations

You have a beak for a mouth.
You have claws for feet.


Message History

A bat comes into view.
You see here a book of Fire.
You pick up a book of Fire and begin reading...
You add the spells Foxfire, Fireball, Plasma Beam and Starburst to your library.
The bat hits you but does no damage.
You miss the bat. Your kick misses the bat. The bat closely misses you.
You barely miss the bat. You claw the bat. Your peck misses the bat.
The bat is severely wounded.
The bat hits you but does no damage.
You hit the bat.
You kill the bat!
You have reached level 2!
Okay, then.
A goblin comes into view. It is wielding a +0 dagger.
The goblin shouts!
A quokka and an endoplasm come into view.
The endoplasm quivers.
The goblin completely misses you.
The quokka twitches its whiskers.
You barely miss the goblin. You peck the goblin.
The goblin is almost dead.
The goblin hits you with a +0 dagger.
You barely miss the goblin. Your kick misses the goblin.
Your peck misses the goblin.
The goblin is almost dead.
The goblin hits you with a +0 dagger. The quokka closely misses you.
You hit the goblin. Your peck misses the goblin.
The goblin is almost dead.
The endoplasm freezes you.
You are frozen.
The goblin hits you but does no damage. The quokka barely misses you.
The goblin hits you but does no damage. The endoplasm freezes you.
You are frozen.
You hit the goblin but do no damage.
The goblin is almost dead.
The quokka bites you. The goblin hits you with a +0 dagger.
* * * LOW HITPOINT WARNING * * *
The endoplasm freezes you.
You are frozen.
You die...

####### ##......#
##........ #####
#.........
#....###.g.......
........r@.......
#.....J........
####...........
.#######...........
.........##........
......#######.#.........
.....#### #.#.........
........#####.#.........
.... ......##.#.†.......


You could see an endoplasm, a quokka and a goblin.

Vanquished Creatures
  A giant cockroach (D:1)
  A goblin (D:1)
  A hobgoblin (D:1)
  A ball python (D:1)
  A bat (D:1)
  A frilled lizard (D:1)
  A rat (D:1)
7 creatures vanquished.

Notes
Turn   | Place    | Note
-------+----------+-------------------------------------------
     0 | D:1      | monsoonserge the Tengu Reaver began the quest for the Orb.
     0 | D:1      | Reached XP level 1. HP: 12/12 MP: 4/4
    73 | D:1      | Reached XP level 2. HP: 17/17 MP: 6/6
    89 | D:1      | Frozen to death by an endoplasm

Illustrated notes

Levels and vault maps discovered:
D:1:      dpeg_arrival_shrine, layout_rooms

Action                     || total
---------------------------++-------
  Melee: Mace              ||    13
         Kick              ||     4
         Peck              ||     1
 Armour: Leather armour    ||     5
  Dodge: Dodged            ||     8
